 Dungeon Crawl Stone Soup version 0.20-a0-502-g555d78b (webtiles) character file.

4 Amnesiac the Sneak (level 1, 0/9 HPs)
             Began as a Spriggan Enchanter on Jan 21, 2017.
             Slain by Grinder (8 damage)
             ... on level 3 of the Dungeon.
             The game lasted 00:01:32 (427 turns).

Amnesiac the Sneak (Spriggan Enchanter)              Turns: 427, Time: 00:01:33

Health: 0/9        AC:  2    Str:  4    XL:     1   Next: 58%
Magic:  5/5        EV: 20    Int: 16    God:
Gold:   21         SH:  0    Dex: 16    Spells: 5/6 levels left

rFire    . . .     SeeInvis +   a - +1 dagger
rCold    . . .     Gourm    .   b - +0 robe
rNeg     . . .     Faith    .   (shield restricted)
rPois    .         Spirit   .   (helmet restricted)
rElec    .         Reflect  .   (no cloak)
rCorr    .         Harm     .   (gloves unavailable)
MR       .....                  (boots unavailable)
Stlth    +++.......             (no amulet)
Regen    0.1/turn               (no ring)
                                j - +2 ring of evasion

@: very quick
A: unfitting armour, see invisible, herbivore 3, speed 3, slow metabolism 2
a: no special abilities


You were on level 3 of the Dungeon.
You were not hungry.

You visited 1 branch of the dungeon, and saw 4 of its levels.

You collected 21 gold pieces.

Inventory:

Hand Weapons
 a - a +1 dagger (weapon)
Armour
 b - a +0 robe (worn)
Jewellery
 j - a +2 ring of evasion (left hand)
Scrolls
 f - a scroll of teleportation {unknown}
 g - a scroll of remove curse {unknown}
 k - a scroll of recharging {unknown}
Potions
 e - a potion of haste {unknown}
 i - a potion of curing {unknown}
Books
 c - a book of Maledictions

   Spells                             Type                      Level
   a - Corona                         Hexes                        1
   b - Ensorcelled Hibernation        Hexes/Ice                    2
   c - Confuse                        Hexes                        3
   d - Tukima's Dance                 Hexes                        3
   e - Dazzling Spray                 Conjuration/Hexes            3
 h - a book of Cantrips

   Spells                             Type                      Level
   a - Confusing Touch                Hexes                        1
   b - Animate Skeleton               Necromancy                   1
   c - Summon Small Mammal            Summoning                    1
   d - Apportation                    Translocation                1
Comestibles
 d - 2 bread rations


   Skills:
 - Level 1.1 Short Blades
 - Level 3.0 Dodging
 - Level 4.4 Stealth
 + Level 3.2 Spellcasting
 - Level 3.6 Hexes


You had 5 spell levels left.
You knew the following spells:

 Your Spells              Type           Power        Failure   Level  Hunger
f - Corona                Hex            ##.....      6%          1    None


Dungeon Overview and Level Annotations

Branches:
Dungeon (4/15)
 Temple: D:4-7

Altars:
Xom

Annotations:
D:3 Grinder


Innate Abilities, Weirdness & Mutations

You are very small and have problems with some larger weapons.
You are too small for most types of armour.
You have supernaturally acute eyesight. (SInv)
You are a herbivore.
You cover ground extremely quickly.
You need consume almost no food.


Message History

You enter a teleport trap!
The teleport trap disappears.
Your surroundings suddenly seem different.
An adder comes into view.
As you open the door, it creaks loudly!
Found a garnet ring, 19 arrows and a scroll labeled ANAANNIEHE.
There is an open door here.
j - a garnet ring
k - a scroll labeled ANAANNIEHE Put on which piece of jewellery? (? for menu, Esc to quit)
j - a +2 ring of evasion (left hand)
You open the door.
Grinder comes into view.
Found a stone staircase leading down.
There is an open door here.
The helpless Grinder fails to defend herself.
You impale Grinder!!
Grinder is heavily wounded.
Grinder hits you!
Ouch! That really hurt!
You die...

##### #...###
#####...(.########
#>.5@.....'......#
#.###.....######.#
###...# ##.####
#...# #.....#
....## #......
...... .....#≈#..
#......######.#≈#..
######## #.#≈#..
#.#≈#..


You could see Grinder.

Vanquished Creatures
  A ball python (D:2)
  A jackal (D:3)
  A bat (D:2)
  A goblin (D:1)
  A rat (D:1)
5 creatures vanquished.

Notes
Turn   | Place    | Note
-------+----------+-------------------------------------------
     0 | D:1      | Amnesiac the Spriggan Enchanter began the quest for the Orb.
     0 | D:1      | Reached XP level 1. HP: 9/9 MP: 5/5
   387 | D:3      | Found a shimmering altar of Xom.
   389 | D:3      | Noticed an orc wizard
   425 | D:3      | Noticed Grinder
   427 | D:3      | Slain by Grinder

Vault maps used:
D:1:      nicolae_arrival_memento_mori, minmay_misc_feat_ornament
D:2:      lemuel_round_altar
D:3:      portal_sewer_entry_d, first_bread, xom_teletrap_fun, uniq_grinder,
          uniq_crazy_yiuf_cottage
D:4:      kennysheep_little_box

Skill      XL: |  1 |
---------------+----+-----
Spellcasting   | 3 |  3.2
Short Blades   | |  1.1
Dodging        | |  3.0
Stealth        | |  4.4
Hexes          | |  3.6

Action                   || total
-------------------------++-------
Melee: Dagger            ||    21
 Cast: Corona            ||     5
 Stab: Sleeping          ||     3
Dodge: Dodged            ||    20
